 Dungeon Crawl Stone Soup version 0.30.1-3-gfc49f6343a (webtiles) character file.

Game seed: 17268951662382052540

43932 booth the Cleaver (level 13, -1/106 HPs)
             Began as a Demonspawn Gladiator on Aug 3, 2023.
             Was a Believer of Ashenzari.
             Slain by a thrashing horror (5 damage)
             ... on level 3 of the Abyss.
             The game lasted 01:12:14 (11025 turns).

booth the Cleaver (Demonspawn Gladiator)           Turns: 11025, Time: 01:12:14

Health: -1/106     AC: 12    Str: 17    XL:     13   Next: 93%
Magic:  0/26       EV: 15    Int: 12    God:    Ashenzari [**....]
Gold:   869        SH:  3    Dex: 15    Spells: 30/31 levels left

rFire   + + +        p - +2 war axe of the Pangnostic Repose {heavy, Melee, Fort} (curse)
rCold   + . .        B - +0 buckler
rNeg    . . .        x - +0 ring mail {rF+}
rPois   +            (helmet restricted)
rElec   +            G - +1 cloak of Ashenzari's Omission {Self, Cun} (curse)
rCorr   +            o - +2 pair of gloves of Curses and Power {Cun, Evo} (curse)
SInv    +            (no boots)
Will    .....        (no amulet)
Stlth   ++           r - ring of the Wild Blue Yonder {rF+, Self, Range} (curse)
HPRegen 0.37/turn    (no ring)
MPRegen 0.40/turn

%: guardian spirit
@: resistant
A: horns 2, molten scales 1, demonic guardian 1, magic shield, magic
regeneration
a: Renounce Religion, Shatter the Chains


You were on level 3 of the Abyss.
You worshipped Ashenzari.
Ashenzari was pleased with you.
You visited 2 branches of the dungeon, and saw 10 of its levels.
You visited the Abyss 1 time.
You also visited: Sewer, Ossuary and Bailey.

You collected 869 gold pieces.

Inventory:

Hand Weapons
 a - a +1 war axe
 f - a +1 dagger of electrocution
 k - a +2 vampiric hand axe
 p - the cursed +2 war axe of the Pangnostic Repose (weapon) {heavy, Melee, Fort}
   (You took it off an orc on level 6 of the Dungeon)

   It has a curse which improves the following skills: Melee Combat: Short
   Blades, Long Blades, Axes, Maces & Flails, Polearms, Staves and Unarmed
   Combat.
   Fortitude: Armour and Shields.
 H - a +0 flail of protection
Missiles
 d - 7 throwing nets
 g - 24 poisoned darts
 n - 5 javelins
 w - 22 boomerangs (quivered)
 K - a curare-tipped dart
Armour
 l - a +0 scale mail of cold resistance
 o - the cursed +2 pair of gloves of Curses and Power (worn) {Cun, Evo}
   (You found it on level 2 of the Dungeon)

   It has a curse which improves the following skills: Cunning: Dodging and
   Stealth.
   Evocations: Evocations.
 q - the +1 leather armour "Dooffekk" {Dex+3}
   (You found it on level 2 of the Dungeon)

   Dex:       It affects your dexterity (+3).
 x - a +0 ring mail of fire resistance (worn)
 B - a +0 buckler (worn)
 G - the cursed +1 cloak of Ashenzari's Omission (worn) {Self, Cun}
   (You found it on level 8 of the Dungeon)

   It has a curse which improves the following skills: Introspection: Fighting
   and Spellcasting.
   Cunning:   Dodging and Stealth.
 L - a +2 crystal plate armour
 M - a +0 kite shield of cold resistance
Jewellery
 r - the cursed ring of the Wild Blue Yonder (left hand) {rF+, Self, Range}
   (You found it on level 2 of the Dungeon)

   [ring of protection from fire]

   rF:        It protects you from fire.
   It has a curse which improves the following skills: Introspection: Fighting
   and Spellcasting.
   Ranged Combat: Ranged Weapons and Throwing.
Wands
 c - a wand of flame (34)
 e - a wand of mindburst (32)
 y - a wand of charming (8)
Scrolls
 t - 3 scrolls of amnesia
 u - a scroll of fear
 v - a scroll of blinking
 A - 2 scrolls of fog
 E - 2 scrolls of magic mapping
 N - 3 scrolls of silence
Potions
 b - 2 potions of haste
 h - a potion of curing
 j - 3 potions of might
 m - 3 potions of brilliance
 s - a potion of lignification
 z - 3 potions of mutation
 F - a potion of flight
 I - a potion of magic
Miscellaneous
 O - a lightning rod (4/4)


   Skills:
 + Level 9.2(11.0) Fighting
 * Level 11.6(13.0) Axes
 - Level 4.3(9.2) Maces & Flails
 + Level 8.2(9.4) Throwing
 - Level 2.1(3.0) Armour
 + Level 8.6(10.4) Dodging
 - Level 2.4(3.8) Stealth
 + Level 8.1(9.9) Spellcasting
 - Level 2.3 Conjurations
 + Level 2.7 Summonings
 - Level 2.1 Translocations
 - Level 2.3(3.3) Evocations


You had 30 spell levels left.
You knew the following spells:

 Your Spells              Type           Power      Damage    Failure   Level
a - Apportation           Tloc           22%        N/A       12%         1

Your spell library contained the following spells:

 Spells                   Type           Power      Damage    Failure   Level
 Summon Small Mammal      Summ           48%        N/A       10%         1
 Blink                    Tloc           22%        N/A       19%         2
 Necrotise                Necr           20%        1d5       28%         1
 Scorch                   Fire           10%        2d5       41%         2
 Manifold Assault         Tloc           11%        N/A       75%         4
 Summon Ice Beast         Ice/Summ       9%         N/A       85%         4
 Flame Wave               Conj/Fire      8%         2d5       87%         4
 Summon Mana Viper        Hex/Summ       9%         N/A       99%         5
 Summon Cactus Giant      Summ           6%         N/A       100%        6
 Monstrous Menagerie      Summ           6%         N/A       100%        7
 Storm Form               Tmut/Air       2%         N/A       100%        7


Dungeon Overview and Level Annotations

Branches:
Dungeon (9/15)             Temple (1/1) D:6            Lair (0/5) D:9
  Sewer (visited)         Ossuary (visited)          Bailey (visited)
    Orc: D:9-12

Altars:
Ashenzari
Cheibriados
Dithmenos
Fedhas
Gozag
Hepliaklqana
Kikubaaqudgha
Makhleb
Nemelex Xobeh
Okawaru
Ru
Sif Muna
Trog
Vehumet
Wu Jian
Xom
Yredelemnul

Shops:
D:7 :

Annotations:
D:8 2 transporters, SirLogeyBear's ghost, novice HOBe


Innate Abilities, Weirdness & Mutations

You have a pair of horns on your head.
You are partially covered in molten scales. (AC +2)
A weak demonic guardian rushes to your aid.
When hurt, damage is shared between your health and your magic reserves.
You regenerate magic rapidly.


Message History

The thrashing horror misses you. The thrashing horror tramples you!
* * * LOW HITPOINT WARNING * * *
You hold your ground!
You feel better.
The thrashing horror closely misses you.
The thrashing horror tramples you but does no damage.
You block the thrashing horror's attack.
The thrashing horror closely misses you.
You slash the thrashing horror! You headbutt the thrashing horror.
The thrashing horror is heavily damaged.
You slash the thrashing horror! The thrashing horror misses you.
The thrashing horror barely misses you.
The thrashing horror completely misses you.
The thrashing horror tramples you but does no damage.
The smoke demon gestures at you. Something smites you!
* * * LOW HITPOINT WARNING * * *
A demonic guardian appears!
The thrashing horror churns violently!
The thrashing horror seems to grow stronger.
The thrashing horror barely misses you. x2
You block the thrashing horror's attack.
The thrashing horror misses you. The thrashing horror barely misses you.
The thrashing horror tramples you but does no damage.
You swap places.
The tentacled starspawn barely misses your white imp.
The tentacled starspawn tentacle-slaps your white imp!!
Your white imp dies!
Your white imp disappears in a puff of smoke!
You barely miss the thrashing horror. You headbutt the thrashing horror!
The thrashing horror is almost destroyed.
The thrashing horror tramples you.
* * * LOW HITPOINT WARNING * * *
You hold your ground!
The thrashing horror misses you. The thrashing horror tramples you!
* * * LOW HITPOINT WARNING * * *
You hold your ground!
The thrashing horror tramples you but does no damage.
The thrashing horror misses you. The thrashing horror tramples you.
You die...

, . *
#........ ,
,#. *
*....#.... ,
#.#
*#........ ,
*
#..####......
. ,, , *
..X#.#......#
* *
...#w3....#,
, **
#{#Xx....#,,
##XX# * ,
#@### , , , *
, ### , , , *
,{ , * , * *{
, * * * * , *
,, * , , *, ,
* ,, , , , ,*
,


You could see a tentacled starspawn, 2 thrashing horrors, a smoke demon, a small
abomination and a starspawn tentacle.

Vanquished Creatures
  2 two-headed ogres
  A spatial maelstrom (Abyss:3)
  Pikel (D:6)
  2 orc knights (Bailey)
  2 ancient zymes (Abyss:3)
  2 trolls (D:9)
  2 hornets
  Sigmund (D:3)
  A neqoxec (Abyss:3)
  A small abomination (Abyss:3)
  A water moccasin (D:9)
  8 orc warriors
  3 black bears (D:6)
  2 ogres
  A centaur (D:9)
  4 kobold brigands
  3 gnoll sergeants
  3 bullfrogs
  3 scorpions
  3 wights (D:8)
  5 howler monkeys
  An electric eel (D:7)
  12 hounds
  2 jellies
  An orc priest (D:7)
  2 gnoll boudas
  An iron imp (Abyss:3)
  Ijyb (D:3)
  3 iguanas
  9 orc wizards
  A sleepcap (D:6)
  9 mummies
  35 gnolls
  10 adders
  13 river rats
  2 white imps (D:6)
  4 worms
  2 dart slugs
  38 orcs
  8 bats
  7 endoplasms
  A giant cockroach (D:2)
  2 gnoll zombies (Ossuary)
  10 goblins
  8 hobgoblins
  22 jackals
  5 quokkas
  7 ball pythons
  3 frilled lizards
  A hobgoblin zombie (Ossuary)
  26 kobolds
  2 kobold zombies (Ossuary)
  3 orc zombies (Ossuary)
  23 rats
325 creatures vanquished.

Vanquished Creatures (collateral kills)
  A gnoll sergeant (D:7)
  2 orcs (Bailey)
3 creatures vanquished.

Vanquished Creatures (others)
  A lurking horror (Abyss:3)
  A starspawn tentacle (Abyss:3)
2 creatures vanquished.

Grand Total: 330 creatures vanquished

Notes
Turn   | Place    | Note
-------+----------+-------------------------------------------
     0 | D:1      | booth the Demonspawn Gladiator began the quest for the Orb.
     0 | D:1      | Reached XP level 1. HP: 16/16 MP: 1/1
   111 | D:1      | Found a faded altar of an unknown god.
   335 | D:1      | Gained mutation: You are partially covered in molten
                  | scales. (AC +2) [demonic ancestry]
   335 | D:1      | Reached XP level 2. HP: 22/22 MP: 2/2
   732 | D:2      | Reached skill level 3 in Axes
   959 | D:2      | Gained mutation: You regenerate magic rapidly. [demonic
                  | ancestry]
   959 | D:2      | Reached XP level 3. HP: 21/27 MP: 4/4
  1148 | D:2      | Identified the +1 leather armour "Dooffekk" {Dex+3}
  1514 | D:3      | Noticed Sigmund
  1522 | D:3      | Killed Sigmund
  1523 | D:3      | Reached skill level 4 in Axes
  1523 | D:3      | Reached skill level 1 in Spellcasting
  1523 | D:3      | Reached XP level 4. HP: 28/34 MP: 4/6
  1523 | D:3      | Reached XP level 5. HP: 33/40 MP: 4/7
  1734 | D:3      | Found a shadowy altar of Dithmenos.
  1942 | D:3      | Noticed Ijyb
  1978 | D:3      | Killed Ijyb
  2146 | D:3      | Gained mutation: When hurt, damage is shared between your
                  | health and your magic reserves. [demonic ancestry]
  2146 | D:3      | Reached XP level 6. HP: 39/47 MP: 8/8
  3275 | D:5      | Entered Level 5 of the Dungeon
  3329 | D:5      | Gained mutation: You have a pair of small horns on your
                  | head. [demonic ancestry]
  3329 | D:5      | Reached XP level 7. HP: 52/52 MP: 10/10
  3439 | D:5      | Reached skill level 5 in Axes
  4164 | D:6      | Reached XP level 8. HP: 59/60 MP: 12/12
  4298 | D:6      | Found a staircase to the Ecumenical Temple.
  4313 | Temple   | Entered the Ecumenical Temple
  4320 | Temple   | Became a worshipper of Ashenzari the Shackled
  4330 | D:6      | Noticed Pikel
  4350 | D:6      | Killed Pikel
  4351 | D:6      | Reached skill level 6 in Axes
  4424 | D:6      | Reached skill level 5 in Dodging
  4455 | D:6      | Reached skill level 5 in Fighting
  4461 | D:6      | Found a sparkling altar of Nemelex Xobeh.
  4526 | D:6      | Reached XP level 9. HP: 64/68 MP: 15/15
  4805 | D:6      | Reached skill level 7 in Axes
  4814 | D:6      | Found a glowing drain.
  4820 | Sewer    | Entered a sewer
  5790 | D:7      | Found a sand-covered staircase.
  5801 | Ossuary  | Entered an ossuary
  5911 | Ossuary  | Reached skill level 5 in Throwing
  6591 | D:7      | Found Vyuqeqiq's Book Emporium.
  6997 | D:7      | Reached * piety under Ashenzari
  7127 | D:7      | Reached skill level 9 in Axes
  7127 | D:7      | Gained mutation: A weak demonic guardian rushes to your
                  | aid. [demonic ancestry]
  7127 | D:7      | Reached XP level 10. HP: 80/80 MP: 17/20
  7130 | D:7      | Reached skill level 10 in Axes
  7130 | D:7      | Gained mutation: You have a pair of horns on your head.
                  | [demonic ancestry]
  7130 | D:7      | Reached XP level 11. HP: 87/87 MP: 18/22
  7131 | D:7      | Reached XP level 12. HP: 95/95 MP: 18/24
  7132 | D:7      | Reached skill level 11 in Axes
  7132 | D:7      | Reached XP level 13. HP: 102/102 MP: 18/25
  7673 | D:7      | Learned a level 1 spell: Apportation
  7852 | D:8      | Found a transporter.
  7874 | D:8      | Found a bloodstained altar of Trog.
  7874 | D:8      | Noticed SirLogeyBear's ghost (novice HOBe)
  7904 | D:8      | Found a transporter.
  8844 | D:9      | Found a flagged portal.
  8857 | Bailey   | Entered a bailey
  9182 | Bailey   | Identified the +5 plate armour "Ofiast" {Rampage rF+ rC-}
  9716 | D:9      | Reached ** piety under Ashenzari
  9751 | D:9      | Found an ornate altar of the Wu Jian Council.
  9756 | D:9      | Found a basalt altar of Yredelemnul.
 10307 | D:9      | Found a shimmering altar of Xom.
 10429 | D:9      | Found a staircase to the Lair.
 10456 | Abyss:3  | Cast into level 3 of the Abyss (a wizard)
 10471 | Abyss:3  | Noticed a lich
 10510 | Abyss:3  | HP: 2/105 [disintegration (22)]
 11003 | Abyss:3  | Noticed a green draconian
 11004 | Abyss:3  | Noticed a tentacled starspawn
 11015 | Abyss:3  | Noticed a yellow draconian annihilator
 11025 | Abyss:3  | HP: 4/106 [thrashing horror (7)]
 11025 | Abyss:3  | Slain by a thrashing horror

Illustrated notes

Levels and vault maps discovered:
D:1:      onia_arrival_pyramid, layout_loops_ring, basic_ecumenical_altar
D:2:      layout_basic, minmay_octomino_c4
D:3:      layout_rooms, nicolae_dithmenos_shadow_blocks, minmay_cupped,
          uniq_sigmund, uniq_ijyb
D:4:      layout_rooms, minmay_misc_feat_nine_boxes
D:5:      layout_basic
D:6:      layout_loops_ring, nemelex_diamond_rough_becter, temple_green,
          lightli_sewer_entry_pipes, uniq_pikel
D:7:      layout_cave_pools, serial_gnoll_camp, gnoll_camp_mini_sergeant,
          gnoll_camp_huts_moat, gnoll_camp_mini_doghouse,
          gnoll_camp_mini_doghouse, gnoll_camp_mini_shop,
          gup_ossuary_entry_pyramid, hangedman_abyss_or_decor_stabs,
          nicolae_concentric_dashed_squares_mild, kennysheep_small_spiral
D:8:      layout_loops_ring, gammafunk_ghost_wrathful_warriors
D:9:      minmay_the_grid_octo_tiled_squarecenter [minmay_the_grid_octo_toaster,
          minmay_the_grid_octo_odd_swirl, minmay_the_grid_octo_checkerflower,
          minmay_the_grid_octo_chip,
          minmay_the_grid_square_5x5_megaprize_checkered,
          minmay_the_grid_square_5x5_broken_cross,
          minmay_the_grid_square_5x5_tetrominoes,
          minmay_the_grid_square_5x5_three_small,
          minmay_the_grid_square_5x5_three_walls], layout_grid_maze,
          mainiacjoe_overflow_big_doors, xom_teletrap_fun, enter_bailey_3,
          kennysheep_decorative_pillar
Temple:   minmay_freezing_vapour_temple
Abyss:3:  base: Temple, base: D:9, bh_abyss_xom_lugonu_altar,
          evilmike_nicolae_abyss_rune_betentacled_crabyss,
          evilmike_abyss_exit_9, nicolae_abyss_rune_star_stuff

Skill      XL: |  1  2  3  4  5  6  7  8  9 10 11 12 13 |
---------------+----------------------------------------+-----
Throwing       | 2 3 4 6 7 8 |  8.2
Axes           | 3 4 5 6 9 10 11 | 11.6
Dodging        | 3 4 5 6 7 8 |  8.6
Spellcasting   | 1 2 3 4 6 7 8 |  8.1
Fighting       | 3 4 5 7 8 9 |  9.2
Conjurations   | 2 |  2.3
Summonings     | 2 |  2.7
Translocations | 2 |  2.1
Evocations     | 2 |  2.3
Maces & Flails | 3 4 |  4.3
Armour         | 2 |  2.1
Stealth        | 2 |  2.4

Action                     |  1- 3 |  4- 6 |  7- 9 | 10-12 | 13-15 || total
---------------------------+-------+-------+-------+-------+-------++-------
  Melee: War axe           |    77 |    97 |       |       |   125 ||   299
         Punch             |     1 |     1 |     7 |       |     1 ||    10
         Hand axe          |       |    82 |   559 |       |   179 ||   820
         Headbutt          |       |       |   126 |       |    76 ||   202
  Throw: Dart              |       |     2 |     4 |       |       ||     6
         Javelin           |       |     1 |     7 |       |       ||     8
         Throwing net      |       |       |     1 |       |       ||     1
         Boomerang         |       |       |       |       |     3 ||     3
 Invoke: Curse Item        |       |       |     2 |       |     2 ||     4
  Evoke: Wand              |       |       |       |       |     1 ||     1
    Use: Potion            |     3 |     2 |     3 |     3 |    10 ||    21
         Scroll            |     4 |     4 |     7 |       |     3 ||    18
   Stab: Sleeping          |     1 |       |     1 |       |       ||     2
 Armour: Leather armour    |    25 |    83 |   187 |       |    24 ||   319
         Ring mail         |       |       |       |       |   104 ||   104
  Dodge: Dodged            |    45 |   128 |   407 |       |   327 ||   907
  Block: Buckler           |       |       |       |       |    47 ||    47
